 Dungeon Crawl Stone Soup version 0.24.0-1-gfbc8707 (webtiles) character file.

Game seed: 11974368117516052481, levelgen mode: deterministic

65909 curiousnu the Bludgeoner (level 14, -1/199 HPs)
             Began as a Minotaur Berserker on Oct 26, 2019.
             Was an Elder of Trog.
             Succumbed to a sea snake's poison
             ... on level 3 of the Shoals on Oct 27, 2019.
             The game lasted 01:40:30 (18445 turns).

curiousnu the Bludgeoner (Minotaur Berserker)      Turns: 18445, Time: 01:40:30

Health: -1/199     AC: 34    Str: 31    XL:     14   Next: 77%
Magic:  17/17      EV:  2    Int:  4    God:    Trog [****..]
Gold:   1317       SH:  2    Dex: 13    Spells: 13/13 levels left

rFire    . . .     SeeInvis .   x - +5 flail (protect)
rCold    . . .     Gourm    .   (no shield)
rNeg     + + +     Faith    .   (armour currently unavailable)
rPois    +         Spirit   .   (helmet currently unavailable)
rElec    .         Reflect  +   (cloak currently unavailable)
rCorr    .         Harm     .   (gloves currently unavailable)
MR       +++..     NoTele   +   (boots currently unavailable)
Stlth    +++.......             r - +2 amulet of reflection
HPRegen  1.43/turn              E - +2 ring of dexterity
MPRegen  0.15/turn              F - +4 ring of evasion

@: mighty, lethally poisoned (-1 -> -30), tree-form, engulfed, protection aura,
regenerating
A: (retaliatory headbutt)
a: Berserk, Trog's Hand, Brothers in Arms, Renounce Religion


You were on level 3 of the Shoals.
You worshipped Trog.
Trog was greatly pleased with you.
You were not hungry.
You were a tree.
You visited 4 branches of the dungeon, and saw 20 of its levels.
You also visited: Sewer and Gauntlet.

You collected 1317 gold pieces.

Inventory:

Hand Weapons
 a - a +3 longbow of flaming
 l - the +8 whip "Snakebite" {curare, rPois}
   (You found it on level 3 of the Lair of Beasts)

   It poisons the flesh of those it strikes.
   It protects you from poison.
 x - a +5 flail of protection (weapon)
 V - a +2 shortbow of freezing
Missiles
 G - a silver boomerang (quivered)
 R - an atropa-tipped dart
 T - 121 arrows
Armour
 y - a +3 ring mail of poison resistance (melded)
 C - a +1 pair of gloves (melded)
 H - the +1 pair of boots "Pemeil" (melded) {Int+4}
   (You found it on level 6 of the Lair of Beasts)

   It affects your intelligence (+4).
 U - a +0 cloak (melded)
Jewellery
 f - an uncursed amulet of the gourmand
 r - a +2 amulet of reflection (around neck)
 E - a +2 ring of dexterity (left branch)
 F - a +4 ring of evasion (right branch)
Wands
 q - a wand of paralysis (17)
 s - a wand of iceblast (17)
 J - a wand of flame (21)
 Q - a wand of acid (5)
 S - a wand of disintegration (14)
Scrolls
 b - 2 scrolls of immolation
 d - 5 scrolls of enchant weapon
 h - a scroll of silence {unknown}
 i - 7 scrolls of fog
 o - 10 scrolls of remove curse
 u - 10 scrolls of teleportation
 w - 4 scrolls of enchant armour
 z - a scroll of noise {unknown}
 N - 4 scrolls of magic mapping
 W - 2 scrolls of fear
 X - 2 scrolls of brand weapon
Potions
 e - 4 potions of agility
 g - 6 potions of curing
 j - 3 potions of resistance
 k - a potion of lignification
 m - 6 potions of brilliance
 p - 2 potions of flight
 v - 4 potions of haste
 A - a potion of might
 I - a potion of magic {unknown}
 O - a potion of cancellation {unknown}
 P - a potion of mutation {unknown}
 Y - a potion of ambrosia {unknown}
Miscellaneous
 t - a phial of floods
 M - a lamp of fire
 Z - a fan of gales
Comestibles
 c - 14 rations


   Skills:
 + Level 14.3 Fighting
   Level 7.1(12.7) Axes
 + Level 16.1(16.6) Maces & Flails
 + Level 4.1 Bows
 + Level 7.2 Throwing
 + Level 11.7 Armour
 + Level 11.9 Dodging
 + Level 4.1 Stealth
 * Level 5.4 Evocations


You had 13 spell levels left.
You didn't know any spells.
Your spell library was empty.

Dungeon Overview and Level Annotations

Branches:
Dungeon (10/15)            Temple (1/1) D:6            Lair (6/6) D:10
 Shoals (3/4) Lair:3        Snake (0/4) Lair:2        Slime (0/5) Lair:5
    Orc (0/2) D:10          Sewer (visited)         Gauntlet (visited)

Altars:
Ashenzari
Elyvilon
Fedhas
Hepliaklqana
Kikubaaqudgha
Makhleb
Nemelex Xobeh
Sif Muna
Trog
Wu Jian
The Shining One
Jiyva

Shops:
D:10 [(

Annotations:
Lair:1 2 runed translucent doors, Bauqient's ghost, journeyman MfSu
Lair:6 Sonja
Shoals:2 2 transporters, Aral's ghost, adept MiBe


Innate Abilities, Weirdness & Mutations

((You reflexively headbutt those who attack you in melee.))
((You have a pair of horns on your head.))


Message History

You turn into a tree.
Your +0 cloak melds into your body.
Your +1 pair of gloves melds into your body.
The +1 pair of boots "Pemeil" {Int+4} melds into your body.
Your +3 ring mail of poison resistance melds into your body.
You no longer feel resistant to poison.
Your roots penetrate the ground.
* * * LOW HITPOINT WARNING * * *
You feel very sick. The water elemental hits you.
The sea snake bites you but does no damage.
The faun hits you from afar with a +0 spear.
* * * LOW HITPOINT WARNING * * *
You hit the sea snake.
You kill the sea snake!
Trog accepts your kill.
* * * LOW HITPOINT WARNING * * *
You feel very sick. The water elemental hits you.
You sock the water elemental!
The water elemental is almost destroyed.
You die...

....≈≈≈≈..≈≈≈.≈≈≈≈≈
≈...≈≈..≈≈≈≈≈≈≈≈≈≈≈
≈≈...#....≈≈≈≈≈PP.PP
≈./..##....≈≈≈≈P##.≈
........≈≈.[≈≈≈....
........(...≈≈≈≈.##
......E.....≈≈≈≈..##.
...P..†♣(..≈≈≈≈≈≈....≈≈≈
).P≈≈≈)P..(≈≈≈≈≈≈≈..≈≈≈≈
..≈≈≈c≈≈≈≈≈≈)≈≈≈≈≈≈≈≈≈≈≈
≈≈≈≈≈≈≈≈≈≈≈.†.≈≈≈≈≈≈≈≈≈≈
≈PPP≈≈≈≈≈≈≈P...<..≈≈≈≈≈≈
≈PP≈≈≈P≈P≈≈≈.).##..≈≈≈≈≈
≈≈≈≈≈≈PP.≈≈....##..≈≈≈≈≈
≈≈≈≈≈≈≈P≈≈≈≈≈......≈.≈≈≈
.P≈P≈≈≈≈≈≈..≈≈≈≈≈≈≈≈


You could see a faun and a water elemental.

Vanquished Creatures
  Kirke (Lair:4)
  A dire elephant (Lair:6)
  2 merfolk javelineers
  Snorg (Lair:4)
  7 hydras
  2 merfolk impalers
  Harold (D:7)
  Urug (Lair:6)
  2 satyrs (Shoals:3)
  6 death yaks (Lair:4)
  Nergalle (Lair:4)
  An unseen horror (D:10)
  7 sea snakes
  3 lindwurms
  A manticore (Shoals:2)
  4 fauns (Shoals:3)
  4 elephants (Lair:6)
  A cyclops (D:10)
  A guardian serpent (Lair:2)
  6 merfolk sirens
  3 water nymphs
  Joseph (D:7)
  4 black mambas
  A torpor snail (Lair:2)
  A kobold demonologist (D:8)
  11 spiny frogs
  4 rime drakes
  10 komodo dragons
  A wind drake (Shoals:3)
  A polar bear (Lair:3)
  9 merfolk
  A troll (D:8)
  A hornet (Lair:5)
  22 blink frogs
  11 hippogriffs
  3 snapping turtles
  3 dream sheep (Lair:2)
  2 wyverns
  4 basilisks
  A water elemental (Shoals:1)
  27 yaks
  2 hogs
  A hungry ghost (D:7)
  Menkaure (D:7)
  Edmund (D:4)
  A warg (Lair:6)
  4 hell hounds (Lair:6)
  9 porcupines
  Duvessa (D:4)
  22 water moccasins
  A black bear (D:9)
  2 ice beasts
  2 sky beasts (D:9)
  7 orc warriors
  3 phantoms
  An ogre (D:6)
  17 wolves
  4 centaurs
  21 crocodiles
  A big kobold (Sewer)
  13 bullfrogs
  Dowan (D:4)
  3 scorpions
  3 wights (D:8)
  7 killer bees
  2 electric eels (Lair:1)
  5 crimson imps
  2 hounds
  A jelly (D:10)
  11 orc priests
  3 centaur skeletons
  5 orc wizards
  A bullfrog skeleton (D:9)
  Ijyb (D:3)
  8 worker ants
  3 iguanas
  2 hound zombies
  Robin (D:4)
  3 gnolls (D:5)
  9 river rats
  15 adders
  2 oozes
  A worm (D:4)
  A dart slug (D:1)
  4 leopard geckos
  36 orcs
  14 ball pythons
  6 bats
  2 bat zombies (D:3)
  4 giant cockroaches
  14 goblins
  10 hobgoblins
  16 jackals
  6 quokkas
  5 frilled lizards
  A giant cockroach zombie (D:5)
  A jackal zombie (D:5)
  24 kobolds
  A leopard gecko zombie (D:5)
  2 quokka skeletons
  26 rats
  2 rat zombies (D:3)
  A fungus (Lair:4)
  A plant (Shoals:2)
554 creatures vanquished.

Vanquished Creatures (collateral kills)
  A crocodile (Lair:6)
1 creature vanquished.

Vanquished Creatures (others)
  A human (Lair:4)
  An orc (D:9)
  A bush (D:10)
  11 fungi
  31 plants
45 creatures vanquished.

Grand Total: 600 creatures vanquished

Notes
Turn   | Place    | Note
-------+----------+-------------------------------------------
     0 | D:1      | curiousnu the Minotaur Berserker began the quest for the
                  | Orb.
     0 | D:1      | Reached XP level 1. HP: 19/19 MP: 0/0
   399 | D:1      | Reached XP level 2. HP: 16/27 MP: 1/1
   731 | D:1      | Reached XP level 3. HP: 21/33 MP: 2/2
   820 | D:2      | Reached ** piety under Trog
  1260 | D:2      | Found a sparkling altar of Nemelex Xobeh.
  1262 | D:2      | Found a shattered altar of Ashenzari.
  1354 | D:2      | Found an ornate altar of the Wu Jian Council.
  1385 | D:2      | Found a faded altar of an unknown god.
  1414 | D:2      | Found a shimmering blue altar of Sif Muna.
  1499 | D:2      | Reached XP level 4. HP: 40/41 MP: 3/3
  1611 | D:3      | Noticed Ijyb
  1622 | D:3      | Killed Ijyb
  2035 | D:3      | Reached *** piety under Trog
  2037 | D:3      | Reached skill level 5 in Axes
  2043 | D:3      | Found an ancient bone altar of Kikubaaqudgha.
  2104 | D:3      | Reached XP level 5. HP: 47/47 MP: 4/4
  2106 | D:3      | Reached skill level 5 in Fighting
  2360 | D:4      | Noticed Edmund
  2364 | D:4      | Noticed Robin
  2374 | D:4      | Killed Edmund
  2374 | D:4      | Reached XP level 6. HP: 56/56 MP: 5/5
  2375 | D:4      | Killed Robin
  2503 | D:4      | Found a glowing drain.
  2516 | D:4      | Reached skill level 1 in Maces & Flails
  2517 | D:4      | Reached **** piety under Trog
  2537 | Sewer    | Entered a sewer
  2627 | Sewer    | Reached XP level 7. HP: 61/61 MP: 6/6
  2812 | Sewer    | Reached skill level 2 in Maces & Flails
  2883 | Sewer    | Reached ***** piety under Trog
  2993 | D:4      | Noticed Dowan
  2994 | D:4      | Noticed Duvessa
  3004 | D:4      | Killed Duvessa
  3004 | D:4      | Reached skill level 3 in Maces & Flails
  3017 | D:4      | HP: 3/63 [Dowan/shard of ice (27)]
  3023 | D:4      | Killed Dowan
  3023 | D:4      | Reached skill level 4 in Maces & Flails
  3524 | D:5      | Entered Level 5 of the Dungeon
  3560 | D:5      | Reached skill level 5 in Maces & Flails
  3560 | D:5      | Reached XP level 8. HP: 35/70 MP: 7/7
  3781 | D:5      | Reached skill level 1 in Throwing
  3786 | D:5      | Received a gift from Trog
  3868 | D:5      | Found a bloodstained altar of Trog.
  4466 | D:6      | Found a staircase to the Ecumenical Temple.
  4512 | Temple   | Entered the Ecumenical Temple
  4561 | D:6      | Found a hazy altar of Hepliaklqana.
  4657 | D:6      | Reached skill level 6 in Maces & Flails
  4756 | D:6      | Reached skill level 5 in Dodging
  4840 | D:6      | Reached skill level 7 in Maces & Flails
  4846 | D:6      | Reached skill level 5 in Armour
  4871 | D:6      | Reached skill level 8 in Maces & Flails
  5405 | D:7      | Noticed Menkaure
  5414 | D:7      | Killed Menkaure
  5414 | D:7      | Reached XP level 9. HP: 21/78 MP: 8/8
  5737 | D:7      | Noticed Joseph
  5755 | D:7      | Noticed Harold
  5766 | D:7      | Killed Joseph
  5766 | D:7      | Reached skill level 9 in Maces & Flails
  5777 | D:7      | Killed Harold
  5777 | D:7      | Reached skill level 10 in Maces & Flails
  6147 | D:7      | Reached skill level 1 in Stealth
  6280 | D:8      | Reached XP level 10. HP: 88/88 MP: 9/9
  6538 | D:8      | Found a glowing golden altar of the Shining One.
  6595 | D:8      | Reached skill level 11 in Maces & Flails
  6703 | D:8      | Noticed a rust devil
  6877 | D:9      | Found a white marble altar of Elyvilon.
  6967 | D:9      | Identified the +2 leather armour of Xuumogaxt {rPois rN++
                  | MR- Str-5}
  7252 | D:9      | Reached skill level 12 in Maces & Flails
  7478 | D:10     | Entered Level 10 of the Dungeon
  7486 | D:10     | Noticed a cyclops
  7835 | D:10     | Killed a cyclops
  7947 | D:10     | Found a burning altar of Makhleb.
  8170 | D:10     | Reached XP level 11. HP: 97/97 MP: 10/10
  8211 | D:10     | Found a staircase to the Lair.
  8247 | D:10     | Killed an unseen horror
  8308 | D:10     | Found Pilic's Armour Emporium.
  8311 | D:10     | Found a staircase to the Orcish Mines.
  8332 | D:10     | Found Saplagami's Weapon Emporium.
  8498 | D:10     | Noticed a cacodemon
  8547 | Lair:1   | Entered Level 1 of the Lair of Beasts
  8580 | Lair:1   | Reached skill level 13 in Maces & Flails
  8602 | Lair:1   | Noticed a five-headed hydra
  8614 | Lair:1   | Killed a five-headed hydra
  8719 | Lair:1   | Noticed a five-headed hydra
  8729 | Lair:1   | Killed a five-headed hydra
  8737 | Lair:1   | Reached skill level 10 in Fighting
  8981 | Lair:1   | Found a large runed translucent door.
  8981 | Lair:1   | Found a large runed translucent door.
  8984 | Lair:1   | Noticed Bauqient's ghost (journeyman MfSu)
  9187 | Lair:1   | Noticed an eight-headed hydra
  9201 | Lair:1   | Killed an eight-headed hydra
  9201 | Lair:1   | Reached skill level 1 in Bows
  9210 | Lair:1   | Reached skill level 14 in Maces & Flails
  9584 | Lair:1   | Reached XP level 12. HP: 96/108 MP: 11/11
 10082 | Lair:2   | Received a gift from Trog
 10510 | Lair:2   | Found a staircase to the Snake Pit.
 11279 | Lair:3   | Reached skill level 10 in Armour
 11368 | Lair:4   | Noticed Kirke
 11428 | Lair:3   | Found a staircase to the Shoals.
 11535 | Lair:4   | Killed Kirke
 11535 | Lair:4   | Reached skill level 15 in Maces & Flails
 11535 | Lair:4   | Reached skill level 5 in Throwing
 11573 | Lair:4   | Reached XP level 13. HP: 72/117 MP: 12/12
 11773 | Lair:4   | Reached skill level 10 in Dodging
 11937 | Lair:3   | Found the +8 whip "Snakebite" {curare, rPois}
 12093 | Lair:4   | Received a gift from Trog
 12378 | Lair:4   | Reached skill level 1 in Evocations
 12597 | Lair:4   | Noticed Nergalle
 12613 | Lair:4   | Killed Nergalle
 12683 | Lair:4   | Noticed Snorg
 12697 | Lair:4   | Killed Snorg
 12924 | Lair:5   | Found a gate leading to a gauntlet.
 13153 | Lair:5   | Found a staircase to the Slime Pits.
 13153 | Lair:5   | Found a viscous altar of Jiyva.
 13186 | Gauntlet | Entered a Gauntlet
 13186 | Gauntlet | Found a transporter.
 13189 | Gauntlet | Found a transporter.
 13192 | Gauntlet | Noticed a death ooze
 13196 | Gauntlet | Found a transporter.
 13199 | Gauntlet | Found a transporter.
 13205 | Gauntlet | Found a transporter.
 13205 | Gauntlet | Found a transporter.
 13210 | Gauntlet | Noticed a blizzard demon
 13211 | Gauntlet | Found a transporter.
 13214 | Gauntlet | Found a transporter.
 13221 | Gauntlet | Found a runed translucent door.
 13231 | Gauntlet | Noticed a green death
 13232 | Gauntlet | Found a transporter.
 13239 | Gauntlet | Found a transporter.
 13241 | Gauntlet | Found a transporter.
 13250 | Gauntlet | Found a transporter.
 14171 | Lair:6   | Entered Level 6 of the Lair of Beasts
 14622 | Lair:6   | Reached XP level 14. HP: 109/129 MP: 15/15
 14630 | Lair:6   | Got a pair of heavily runed boots
 14641 | Lair:6   | Identified the +1 pair of boots "Pemeil" {Int+4} (You found
                  | it on level 6 of the Lair of Beasts)
 14700 | Lair:6   | Noticed Urug
 14705 | Lair:6   | Received a gift from Trog
 14718 | Lair:6   | Killed Urug
 15075 | Lair:6   | Noticed Sonja
 16108 | Shoals:1 | Entered Level 1 of the Shoals
 16642 | Shoals:2 | Found a transporter.
 16644 | Shoals:2 | Noticed Aral's ghost (adept MiBe)
 16695 | Shoals:2 | Found a transporter.
 16753 | Shoals:2 | Noticed a kraken
 17926 | Shoals:3 | Reached skill level 16 in Maces & Flails
 17949 | Shoals:3 | Reached skill level 5 in Evocations
 18424 | Shoals:3 | Received a gift from Trog
 18441 | Shoals:3 | HP: 1/133 [sea snake (10)]
 18445 | Shoals:3 | Succumbed to a sea snake's poison

Levels and vault maps discovered:
D:1:      scummos_arrival_gate, layout_loops_ring
D:2:      layout_rooms, lemuel_blue_sif_altar, old_standard_altar,
          grunt_temple_overflow_open, chequers_ecumenical_altar_simple
D:3:      layout_loops_ring, lemuel_zombie_altar_kikubaaqudgha, uniq_ijyb
D:4:      layout_loops_ring, portal_sewer_entry_a, uniq_duvessa, uniq_edmund,
          uniq_robin
D:5:      layout_basic, lemuel_round_altar, first_ration
D:6:      layout_basic, nicolae_overflow_crystal_walls,
          minmay_temple_entry_tees, kennysheep_generic_room_9
D:7:      layout_cave_pools, uniq_joseph, uniq_menkaure, uniq_harold
D:8:      layout_basic, tso_oasis_becter, grunt_pizzeria, minmay_radiant
D:9:      layout_long_grid, elyvilon_altar_1
D:10:     layout_cave_pools, minmay_lair_entry_grove, orc_david_3,
          minmay_crystal_water, makhleb_altar_promises_db
Temple:   dshaligram_water_room_temple
Lair:1:   layout_hall_layers, ebering_ghost_disaster_area, disabler_island
Lair:2:   layout_cave_pods, minmay_snake_entry_spellcaster, minivault_11,
          minmay_holes
Lair:3:   minmay_guarded_unrand_snakebite, layout_big_grid,
          elwin_shoals_entry_stream
Lair:4:   layout_layer_cave, chequers_serial_rivers_small_b, minivault_19,
          uniq_snorg, uniq_kirke, uniq_nergalle
Lair:5:   cheibrodos_lair_overgrown_chateau, layout_regular_city, slime_altar_1,
          gauntlet_entry_generic, grunt_megastairs_1
Lair:6:   hangedman_lair_caniforms_friends, layout_cave_pods,
          hangedman_lair_in_review, uniq_sonja, uniq_urug
Shoals:1: layout_shoals
Shoals:2: layout_shoals, gammafunk_ghost_berserking_beasts
Shoals:3: layout_shoals

Skill      XL: |  1  2  3  4  5  6  7  8  9 10 11 12 13 14 |
---------------+-------------------------------------------+-----
Fighting       | 4 5 6 7 9 10 11 13 14 | 14.3
Axes           | 4 5 6 7 |  7.1
Dodging        | 3 4 5 6 7 8 9 11 | 11.9
Maces & Flails | 1 5 8 10 12 14 15 16 | 16.1
Armour         | 3 5 6 7 8 10 11 | 11.7
Throwing       | 1 3 5 6 7 |  7.2
Stealth        | 1 2 3 4 |  4.1
Bows           | 2 4 |  4.1
Evocations     | 3 5 |  5.4

Action                   |  1- 3 |  4- 6 |  7- 9 | 10-12 | 13-15 || total
-------------------------+-------+-------+-------+-------+-------++-------
Melee: Hand axe          |    90 |    47 |       |       |       ||   137
       Headbutt          |    12 |    24 |    50 |   132 |   191 ||   409
       War axe           |       |    36 |       |       |       ||    36
       Flail             |       |    29 |   266 |   555 |   651 ||  1501
 Fire: Shortbow          |       |       |       |    13 |       ||    13
Throw: Dart              |       |     8 |     9 |    25 |       ||    42
       Boomerang         |       |       |       |    25 |    37 ||    62
       Javelin           |       |       |       |       |    33 ||    33
Invok: Berserk           |       |     1 |     3 |     5 |     6 ||    15
       Trog's Hand       |       |       |     4 |     9 |    17 ||    30
       Brothers in Arms  |       |       |       |       |     1 ||     1
  Use: Scroll            |       |     5 |     8 |       |    17 ||    30
       Potion            |       |       |     3 |       |    15 ||    18
 Stab: Distracted        |       |       |       |     1 |     1 ||     2
       Invisible         |       |       |       |     1 |       ||     1
       Sleeping          |       |       |       |     1 |     1 ||     2
  Eat: Ration            |     1 |     1 |     5 |     1 |     5 ||    13
       Chunk             |       |       |       |    27 |    18 ||    45
Armor: Animal skin       |    19 |       |       |       |       ||    19
       Chain mail        |       |    42 |       |       |       ||    42
       Ring mail         |       |    14 |   123 |   190 |   232 ||   559
       Skin              |       |       |       |       |     6 ||     6
Dodge: Dodged            |    69 |    75 |   219 |   416 |   650 ||  1429
Block: Other             |       |       |       |    15 |    14 ||    29
